 Dungeon Crawl Stone Soup version 0.29.0-4-gdea44cf6ec (webtiles) character file.

Game seed: 8893425938430818124

40 qw the Chopper (level 3, 0/29 HPs)
             Began as a Formicid Cinder Acolyte on Sept 3, 2022.
             Was a High Priest of Ignis.
             Succumbed to their own poison gas
             ... on level 1 of the Dungeon.
             The game lasted 00:00:57 (2014 turns).

qw the Chopper (Formicid Cinder Acolyte)            Turns: 2014, Time: 00:00:58

Health: 0/29       AC:  5    Str: 20    XL:     3   Next: 72%
Magic:  4/4        EV: 10    Int: 13    God:    Ignis [*****.]
Gold:   68         SH:  0    Dex:  9    Spells: 4/4 levels left

rFire   + . .      SeeInvis +   Y - -1 hand axe (drain)
rCold   . . .      Faith    .   (no shield)
rNeg    . . .      Spirit   .   i - +0 ring mail
rPois   .          Reflect  .   (helmet unavailable)
rElec   .          Harm     .   (no cloak)
rCorr   .          Rampage  .   (no gloves)
Will    .....                   (no boots)
Stlth   ..........              (no amulet)
HPRegen 0.09/turn               (no ring)
MPRegen 0.09/turn               (no ring)

@: lethally poisoned (0 -> -3), weak-willed
A: permanent stasis, dig shafts and tunnels, antennae 3, four strong arms
a: Dig, Shaft Self, Renounce Religion, Fiery Armour, Foxfire Swarm, Rising Flame


You were on level 1 of the Dungeon.
You worshipped Ignis.
Ignis was extremely pleased with you.
You visited 1 branch of the dungeon, and saw 1 of its levels.

You collected 68 gold pieces.


Innate Abilities, Weirdness & Mutations

You cannot be hasted, slowed, berserked, paralysed or teleported.
You can dig through walls and to a lower floor.
You have a pair of large antennae on your head. (SInv)
Your four strong arms can wield two-handed weapons with a shield.


   Skills:
 - Level 3.2 Fighting
 - Level 4.2 Axes
 + Level 0.0 Armour
 - Level 1.0 Dodging
 - Level 1.1 Spellcasting
 - Level 3.0 Fire Magic


You had 4 spell levels left.
You didn't know any spells.
Your spell library contained the following spells:

 Spells                   Type           Power      Damage    Failure   Level
 Scorch                   Fire           16%        2d5       22%         2

Inventory:

Hand Weapons
 Y - a -1 hand axe of draining (weapon)
Armour
 i - a +0 ring mail (worn)
Potions
 c - a potion of brilliance {unknown}
 h - a potion of might {unknown}

Dungeon Overview and Level Annotations

Branches:
Dungeon (1/15)

Altars:


Message History

As you read the scroll labelled BYMMOOGOMON, it crumbles to dust.
It is a scroll of identify.
Really abort (and waste the scroll)?
Done exploring.
2004 ||| READING scroll labelled PEGEATOTUB.
As you read the scroll labelled PEGEATOTUB, it crumbles to dust.
Magic quickly surges around you.
It was a scroll of vulnerability.
Done exploring.
2005 ||| READING scroll labelled WIDIEZ BOYXENAD.
As you read the scroll labelled WIDIEZ BOYXENAD, it crumbles to dust.
It is a scroll of brand weapon.
Your -1 hand axe of flaming craves living souls!
Y - a -1 hand axe of draining (weapon)
Partly explored, can't reach some items.
(D) Dungeon
Where to? (* - list waypoints, ? - help)
What level of the Dungeon? (default 1, ? - help) Sorry, I don't know how to get there.
Partly explored, can't reach some items.
2006 ||| Stepping randomly (stuck).
Really walk into that cloud of poison gas?
You are engulfed in poison gas.
You are poisoned.
You feel very sick.
2007 ||| Stepping ~*~*~tactically~*~*~ (cloud).
You feel very sick.
You see here a +0 robe.
There is a lethal amount of poison in your body!
You feel very sick.
There is a lethal amount of poison in your body!
You feel sick.
There is a lethal amount of poison in your body!
You feel sick.
There is a lethal amount of poison in your body!
You feel sick.
There is a lethal amount of poison in your body!
You feel sick.
There is a lethal amount of poison in your body!
You feel sick.
There is a lethal amount of poison in your body!
You die...

#P.....P..P.....####..>#
#0.P00P0...P¤P¤.#......#
#P00.P00P...00.........#
#0.P0.¤0.0P0..0.#......#
#P0P00PP0P00P...#......#
#P000..P.0.0P¤.P#......#
#PP.P.P0¤0P¤P.PP#......#
#PP.0.P¤.P0.0PPP#......#
#PPPP..@0¤0¤PPPP#......#


#PPPP¤PPPP0PPPPP#......# #PPPPPPPPPPPPPPP###..#.# ###################..#.#
#...........#.# #)###########.# #.............# ################# #######
#...............# There were no monsters in sight!

Vanquished Creatures
  A dart slug (D:1)
  7 endoplasms (D:1)
  A giant cockroach (D:1)
  2 goblins (D:1)
  5 hobgoblins (D:1)
  A quokka (D:1)
  A ball python (D:1)
  4 bats (D:1)
  A frilled lizard (D:1)
  6 kobolds (D:1)
  7 rats (D:1)
36 creatures vanquished.

Vanquished Creatures (others)
  79 plants (D:1)
79 creatures vanquished.

Grand Total: 115 creatures vanquished

Notes
Turn   | Place    | Note
-------+----------+-------------------------------------------
     0 | D:1      | qw the Formicid Cinder Acolyte began the quest for the Orb.
     0 | D:1      | Reached XP level 1. HP: 18/18 MP: 2/2
     0 | D:1      | 0 ||| qw: Version: 0.1-a-102-g441f92d
     0 | D:1      | 0 ||| qw: Game counter: 5234
     0 | D:1      | 0 ||| qw: Always use a shield: true
     0 | D:1      | 0 ||| qw: God list: Okawaru
     0 | D:1      | 0 ||| qw: Allow faded altars: false
     0 | D:1      | 0 ||| qw: Do Orc after D:15 true
     0 | D:1      | 0 ||| qw: Do second Lair branch before Depths: true
     0 | D:1      | 0 ||| qw: Lair rune preference: random
     0 | D:1      | 0 ||| qw: Plans: Normal
     0 | D:1      | 0 ||| PLANNING D:1-11
    38 | D:1      | 38 ||| Stepping ~*~*~tactically~*~*~ (stealth).
    56 | D:1      | Reached XP level 2. HP: 24/24 MP: 3/3
    86 | D:1      | 86 ||| Stepping ~*~*~tactically~*~*~ (hiding).
   188 | D:1      | 188 ||| Stepping ~*~*~tactically~*~*~ (hiding).
   550 | D:1      | 550 ||| Stepping ~*~*~tactically~*~*~ (stealth).
   880 | D:1      | Reached skill level 4 in Axes
   880 | D:1      | Reached XP level 3. HP: 29/29 MP: 4/4
   918 | D:1      | 918 ||| Stepping ~*~*~tactically~*~*~ (stealth).
   920 | D:1      | 920 ||| Stepping ~*~*~tactically~*~*~ (stealth).
  1047 | D:1      | 1047 ||| Stepping ~*~*~tactically~*~*~ (stealth).
  1051 | D:1      | 1051 ||| Stepping ~*~*~tactically~*~*~ (stealth).
  1128 | D:1      | Found a faded altar of an unknown god.
  1351 | D:1      | Reached skill level 1 in Dodging
  1648 | D:1      | 1648 ||| Stepping ~*~*~tactically~*~*~ (stealth).
  1990 | D:1      | 1990 ||| UPGRADING to +0 ring mail.
  2000 | D:1      | 2000 ||| DROPPING +0 robe.
  2001 | D:1      | 2001 ||| READING scroll labelled TECKOE RAYRCH.
  2002 | D:1      | 2002 ||| READING scroll labelled HUSTIPEPLUR.
  2003 | D:1      | 2003 ||| READING scroll labelled BYMMOOGOMON.
  2004 | D:1      | 2004 ||| READING scroll labelled PEGEATOTUB.
  2005 | D:1      | 2005 ||| READING scroll labelled WIDIEZ BOYXENAD.
  2006 | D:1      | 2006 ||| Stepping randomly (stuck).
  2007 | D:1      | 2007 ||| Stepping ~*~*~tactically~*~*~ (cloud).
  2009 | D:1      | HP: 7/29 [poisoned by you (poison gas)]
  2012 | D:1      | HP: 2/29 [poisoned by you (poison gas)]
  2014 | D:1      | Succumbed to their own poison gas

Levels and vault maps discovered:
D:1:      roderic_crop_circles_arrival_small, layout_basic,
          basic_ecumenical_altar, serial_park_tiny_2, minmay_tripent

Skill      XL: |  1  2  3 |
---------------+----------+-----
Axes           | 4 |  4.2
Dodging        | 1 |  1.0
Fighting       | |  3.2
Spellcasting   | |  1.1
Fire Magic     | |  3.0

Action                   || total
-------------------------++-------
Melee: Hand axe          ||   102
  Use: Scroll            ||     5
Armor: Robe              ||    16
Dodge: Dodged            ||    43

Table legend:
 A = Non-vault XP
 B = Vault XP
 C = Vault XP percentage of total XP
 D = Non-vault monster count
 E = Vault monster count
 F = Vault count percentage of total count
                 A         B        C        D         E       F
            +---------+---------+-------+---------+---------+-------
      Total |      56 |       2 |   3.4 |      34 |       2 |   5.6
            +---------+---------+-------+---------+---------+-------
        D:1 |      56 |       2 |   3.4 |      34 |       2 |   5.6
            +---------+---------+-------+---------+---------+-------
